 Dungeon Crawl Stone Soup version 0.30-a0-726-gd89dcf765f (webtiles) character file.

Game seed: 15038858771492820813

17417 kae the Earth Mage (level 12, -5/59 HPs)
             Began as a Gargoyle Earth Elementalist on Jan 29, 2023.
             Was an Elder of Vehumet.
             Slain by an orc knight
             ... wielding a +0 great mace
              (24 damage)
             ... on level 11 of the Dungeon.
             The game lasted 00:14:08 (13061 turns).

kae the Earth Mage (Gargoyle Earth Elementalist)   Turns: 13061, Time: 00:14:08

Health: -5/59      AC: 13    Str: 12    XL:     12   Next: 47%
Magic:  0/24       EV: 16    Int: 21    God:    Vehumet [****..]
Gold:   679        SH:  0    Dex: 10    Spells: 10/28 levels left

rFire   . . .      SeeInvis .    H - +2 whip (elec)
rCold   . . .      Faith    .    (no shield)
rNeg    + . .      Spirit   +    J - +0 steam dragon scales
rPois   ∞          Reflect  .    (no helmet)
rElec   +          Harm     .    (no cloak)
rCorr   .          Rampage  .    (no gloves)
Will    .....                    (no boots)
Stlth   ++                       G - amulet of guardian spirit
HPRegen 0.29/turn                E - +5 ring of evasion
MPRegen 0.19/turn                Z - ring of wizardry

@: no status effects
A: sickness immunity, AC +8, negative energy resistance 1, electricity
resistance, torment resistance 1, petrification resistance
a: Renounce Religion


You were on level 11 of the Dungeon.
You worshipped Vehumet.
Vehumet was greatly pleased with you.
You visited 2 branches of the dungeon, and saw 12 of its levels.
You also visited: Sewer.

You collected 679 gold pieces.


Innate Abilities, Weirdness & Mutations

You are immune to sickness and miasma.
Your stone body is resilient. (AC +8)
You are immune to poison.
You resist negative energy. (rN+)
You are resistant to electric shocks. (rElec)
You are resistant to unholy torment.
You are immune to petrification.


   Skills:
 - Level 1.5 Dodging
 - Level 2.1 Stealth
 + Level 8.6 Spellcasting
 * Level 13.7 Conjurations
 - Level 0.7 Transmutations
 * Level 15.5 Earth Magic


You had 10 spell levels left.
You knew the following spells:

 Your Spells              Type           Power      Damage    Failure   Level
a - Sandblast             Erth           100%       2d20      0%          1
b - Passwall              Tmut/Erth      35%        N/A       1%          2
c - Stone Arrow           Conj/Erth      100%       3d13      1%          3
d - Petrify               Tmut/Erth      43%        N/A       1%          4
e - Lehudib's Crystal Sp  Conj/Erth      31%        10d8      13%         8

Your spell library contained the following spells:

 Spells                   Type           Power      Damage    Failure   Level
 Fireball                 Conj/Fire      18%        3d9       1%          5
 Shock                    Conj/Air       100%       1d9       1%          1
 Animate Armour           Summ/Erth      82%        N/A       1%          4
 Sticky Flame             Conj/Fire      37%        2d6       1%          4
 Arcjolt                  Conj/Air       18%        1d28      1%          5
 Ignite Poison            Fire/Tmut/Pois 10%        N/A       2%          3
 Freezing Cloud           Conj/Ice/Air   14%        6-21      4%          5
 Swiftness                Air            9%         N/A       9%          3
 Airstrike                Air            4%         2d(1-17)  9%          4
 Ignition                 Fire           4%         3d4       100%        8

Inventory:

Hand Weapons
 H - a +2 whip of electrocution (weapon)
   (You found it on level 4 of the Dungeon)
Missiles
 g - 94 stones
 h - a throwing net {=f!f}
 o - 95 poisoned darts
 y - 8 curare-tipped darts {=f}
 O - 8 boomerangs
Armour
 a - a +1 robe
 J - +0 steam dragon scales (worn)
   (You found it on level 9 of the Dungeon)
Magical Staves
 q - a staff of death {!a}
   (You took it off a hobgoblin on level 4 of the Dungeon)
Jewellery
 f - a ring of protection from fire
   (You found it on level 9 of the Dungeon)
 v - a ring of see invisible
   (You found it on level 11 of the Dungeon)
 C - a ring of protection from cold
   (You took it off an orc on level 5 of the Dungeon)
 E - a +5 ring of evasion (left hand)
   (You found it on level 9 of the Dungeon)
 F - a ring of protection from fire
   (You found it on level 5 of the Dungeon)
 G - an amulet of guardian spirit (around neck)
   (You found it on level 7 of the Dungeon)
 N - a ring of positive energy
   (You took it off a gnoll on level 8 of the Dungeon)
 Z - a ring of wizardry (right hand)
   (You found it on level 7 of the Dungeon)
Wands
 x - a wand of digging (1)
   (You took it off Pikel on level 7 of the Dungeon)
 z - a wand of flame (7)
   (You took it off an orc priest on level 6 of the Dungeon)
 A - a wand of mindburst (3)
   (You found it on level 8 of the Dungeon)
 K - a wand of polymorph (3)
   (You found it on level 9 of the Dungeon)
Scrolls
 c - 2 scrolls of poison
 d - 2 scrolls of fog
 i - 4 scrolls of teleportation {@r4}
 k - 2 scrolls of amnesia
 m - 3 scrolls of blinking {!r}
 D - 2 scrolls of identify {@r1}
 P - a scroll of immolation {!r!r}
Potions
 b - 5 potions of degeneration {!q}
 e - 2 potions of might
 j - 2 potions of mutation {!q}
 l - 6 potions of flight
 n - a potion of cancellation {unknown}
 p - 5 potions of curing {@q1}
 r - 2 potions of haste {@q3}
 s - 3 potions of berserk rage {!q}
 t - 3 potions of lignification {!q}
 u - 2 potions of resistance
 w - 4 potions of attraction {!q}
 B - 2 potions of magic
 I - 3 potions of heal wounds {@q2}
 M - a potion of invisibility
Miscellaneous
 L - a piece from Xom's chessboard (15/15)
   (You found it on level 10 of the Dungeon)

Dungeon Overview and Level Annotations

Branches:
Dungeon (11/15) Zot: 25649  Temple (1/1) D:4 Zot: 5734    Lair (0/5) D:11
  Sewer (visited)
    Orc: D:9-12

Altars:
Ashenzari
Cheibriados
Dithmenos
Elyvilon
Fedhas
Gozag
Hepliaklqana
Kikubaaqudgha
Makhleb
Nemelex Xobeh
Okawaru
Qazlal
Ru
Sif Muna
Trog
Uskayaw
Vehumet
Wu Jian
Xom
Yredelemnul
Zin
The Shining One

Portals:
Trove: D:10 (give 6 scrolls of fear)

Annotations:
D:4 1 runed translucent door, Crazy Yiuf
D:6 Edmund
D:9 exclusion: ugly thing
D:10 exclusion: upstairs
D:11 Urug

##.............##
##...............#
#................#
#.....>..........#
##...............#
#...............# #
##.............## 8.
### ##...........##
+^.#..# #..@..>.....#
8......##
##.o.......##
#..(....#####.......##
#........##........##
#.............#...##
#.............#####
#.........##..#
8........###.##
o.......####.#


You could see an orc knight.


Message History

You can't see any susceptible monsters within range! (Use Z to cast anyway.)
An orc warrior comes into view.
It is wielding a +1 scimitar of holy wrath and wearing a +0 chain mail of cold resistance. 😎 MP[+1]
An orc warrior is nearby!
Casting: Stone Arrow (safe; 1% risk of failure)
Confirm with . or Enter, or press ? or * to list all spells.
You can't see any susceptible monsters within range! (Use Z to cast anyway.)
An orc warrior is nearby!
An orc warrior is nearby!
No target in view!
Casting: Stone Arrow (safe; 1% risk of failure)
Confirm with . or Enter, or press ? or * to list all spells.
You can't see any susceptible monsters within range! (Use Z to cast anyway.)
An orc knight comes into view. It is wielding a +0 great mace.
The orc knight moves out of view. 😎 MP[+1]
Your mp is fully restored (24).
An orc warrior is nearby!
An orc warrior is nearby!
Casting: Stone Arrow (safe; 1% risk of failure)
Confirm with . or Enter, or press ? or * to list all spells.
Aiming: Stone Arrow (safe; 1% risk of failure)
Press: ? - help, Shift-Dir - straight line, f - orc warrior
Aim: an orc warrior, wielding a +1 scimitar of holy wrath and wearing a +0 chain mail of cold resistance (wandering, hasn't noticed you, 75% to hit)
The stone arrow hits the orc warrior!
The orc warrior shouts!
You hear a shout! x2 😎 MP[-3]
You lost 3 mp, and now have 21/24 mp.
Casting: Stone Arrow (safe; 1% risk of failure)
Confirm with . or Enter, or press ? or * to list all spells.
Aiming: Stone Arrow (safe; 1% risk of failure)
Press: ? - help, Shift-Dir - straight line, f/p - orc warrior
Aim: an orc warrior, wielding a +1 scimitar of holy wrath and wearing a +0 chain mail of cold resistance (heavily wounded, 75% to hit)
The stone arrow hits the orc warrior! 😎 MP[-3]
You lost 3 mp, and now have 18/24 mp.
Casting: Stone Arrow (safe; 1% risk of failure)
Confirm with . or Enter, or press ? or * to list all spells.
Aiming: Stone Arrow (safe; 1% risk of failure)
Press: ? - help, Shift-Dir - straight line, f/p - orc warrior
Aim: an orc warrior, wielding a +1 scimitar of holy wrath and wearing a +0 chain mail of cold resistance (almost dead, 75% to hit)
The stone arrow hits the orc warrior!
You kill the orc warrior!
Vehumet accepts your kill.
You feel your power returning. 😎 MP[-2]
You lost 2 mp, and now have 16/24 mp.
Casting: Stone Arrow (safe; 1% risk of failure)
Confirm with . or Enter, or press ? or * to list all spells.
Aiming: Stone Arrow (safe; 1% risk of failure)
Press: ? - help, Shift-Dir - straight line, f - orc knight
Aim: an orc knight, wielding a +0 great mace and wearing a +0 chain mail (75% to hit)
The stone arrow hits the orc knight! 😎 MP[-3]
You lost 3 mp, and now have 13/24 mp.
An orc knight is nearby!
Casting: Stone Arrow (safe; 1% risk of failure)
Confirm with . or Enter, or press ? or * to list all spells.
Aiming: Stone Arrow (safe; 1% risk of failure)
Press: ? - help, Shift-Dir - straight line, f/p - orc knight
Aim: an orc knight, wielding a +0 great mace and wearing a +0 chain mail (moderately wounded, 75% to hit)
The stone arrow hits the orc knight!
The orc knight hits you with a +0 great mace! 😕 HP[-13] MP[-4]
You take 13 damage, and now have 46/59 hp.
MASSIVE DAMAGE!! (PAUSE)
You lost 4 mp, and now have 9/24 mp.
Casting: Stone Arrow (safe; 1% risk of failure)
Confirm with . or Enter, or press ? or * to list all spells.
Aiming: Stone Arrow (safe; 1% risk of failure)
Press: ? - help, Shift-Dir - straight line, f/p - orc knight
Aim: an orc knight, wielding a +0 great mace and wearing a +0 chain mail (heavily wounded, 75% to hit)
The stone arrow hits the orc knight!
The orc knight hits you with a +0 great mace. 😮 HP[-5] MP[-4]
You take 5 damage, and now have 41/59 hp.
You lost 4 mp, and now have 5/24 mp.
Casting: Stone Arrow (safe; 1% risk of failure)
Confirm with . or Enter, or press ? or * to list all spells.
Aiming: Stone Arrow (safe; 1% risk of failure)
Press: ? - help, Shift-Dir - straight line, f/p - orc knight
Aim: an orc knight, wielding a +0 great mace and wearing a +0 chain mail (severely wounded, 75% to hit)
The stone arrow hits the orc knight!!
The orc knight hits you with a +0 great mace! 😮 HP[-10] MP[-4]
You take 10 damage, and now have 31/59 hp.
You lost 4 mp, and now have 1/24 mp.
Casting: Stone Arrow (safe; 1% risk of failure)
Confirm with . or Enter, or press ? or * to list all spells.
You don't have enough magic to cast this spell.
Casting: Stone Arrow (safe; 1% risk of failure)
Confirm with . or Enter, or press ? or * to list all spells.
Aiming: Sandblast (safe; 0% risk of failure)
Press: ? - help, Shift-Dir - straight line, f/p - orc knight
Aim: an orc knight, wielding a +0 great mace and wearing a +0 chain mail (almost dead, 84% to hit)
The blast of sand hits the orc knight but does no damage.
The orc knight hits you with a +0 great mace!
* * * LOW HITPOINT WARNING * * *
The orc knight hits you with a +0 great mace!!
You die...

Skill      XL: |  1  2  3  4  5  6  7  8  9 10 11 12 |
---------------+-------------------------------------+-----
Earth Magic    | 4 5 6 7 9 11 13 14 15 | 15.5
Conjurations   | 1 2 3 4 5 7 9 11 12 13 | 13.7
Spellcasting   | 3 4 5 6 7 8 |  8.6
Dodging        | |  1.5
Stealth        | |  2.1
Transmutations | |  0.7

Action                     |  1- 3 |  4- 6 |  7- 9 | 10-12 || total
---------------------------+-------+-------+-------+-------++-------
  Melee: Unarmed           |    15 |    21 |       |       ||    36
         Whip              |       |       |    20 |    45 ||    65
   Cast: Sandblast         |    50 |    28 |   170 |   239 ||   487
         Stone Arrow       |       |     4 |    41 |    85 ||   130
  Evoke: Wand              |       |       |       |     3 ||     3
    Use: Scroll            |     5 |       |    13 |     4 ||    22
         Potion            |       |     4 |     2 |     2 ||     8
 Armour: Robe              |    10 |    13 |    94 |    25 ||   142
         Steam dragon scal |       |       |       |    39 ||    39
  Dodge: Dodged            |    27 |    31 |   118 |   159 ||   335

Levels and vault maps discovered:
D:1:      lemuel_arrival_hallway, layout_basic
D:2:      layout_basic
D:3:      layout_basic, kennysheep_orc_sif_temple,
          mainiacjoe_overflow_small_starburst
D:4:      cheibrodos_helix_gallery, layout_loops_ring,
          minmay_temple_entry_arrows, corexii_item_surrounded_by_moat,
          uniq_duvessa, uniq_grinder, uniq_crazy_yiuf_cottage
D:5:      layout_loops_ring, sigmund_army
D:6:      layout_layer_cave, gup_sewer_entry_pipe, uniq_edmund
D:7:      layout_gridville, uniq_pikel, uniq_prince_ribbit1
D:8:      layout_basic, mainiacjoe_overflow_alcove_1, disabler_island
D:9:      minmay_the_grid_triangle_9x9_rhombus_thin
          [minmay_the_grid_triangle_9x9_skeleton,
          minmay_the_grid_triangle_9x9_prize_special,
          minmay_the_grid_triangle_9x9_flanged_cone,
          minmay_the_grid_triangle_9x9_empty], layout_basic,
          nicolae_overflow_hidden_temple
D:10:     layout_roguey, special_room [special_room_kobold],
          nicolae_trove_entry_free_sample, uniq_erolcha
D:11:     layout_cave_pods, dpeg_oklobed_lair, david_orc_5, uniq_erica,
          uniq_urug
Temple:   nicolae_temple_slightly_damp_pantheon

Notes
Turn   | Place    | Note
-------+----------+-------------------------------------------
     0 | D:1      | kae the Gargoyle Earth Elementalist began the quest for the
                  | Orb.
     0 | D:1      | Reached XP level 1. HP: 10/10 MP: 3/3
     0 | D:1      | magus.rc [v1.11.3]
   133 | D:1      | Reached skill level 4 in Earth Magic
   229 | D:1      | Reached XP level 2. HP: 15/15 MP: 3/5
   331 | D:1      | You fall into a shaft and drop 1 floor!
  1150 | D:2      | Learned a level 2 spell: Passwall
  1163 | D:3      | Reached XP level 3. HP: 19/19 MP: 3/6
  1169 | D:3      | Learned a level 3 spell: Stone Arrow
  1244 | D:3      | Found a blossoming altar of Fedhas.
  1765 | D:3      | Found a shimmering blue altar of Sif Muna.
  1854 | D:4      | Reached skill level 1 in Conjurations
  1854 | D:4      | Reached skill level 5 in Earth Magic
  1854 | D:4      | Reached XP level 4. HP: 24/24 MP: 0/8
  1960 | D:4      | Noticed a bullfrog
  1969 | D:4      | HP: 4/24 [iguana (10)]
  1979 | D:4      | HP: 5/24 [bullfrog (4)]
  1981 | D:4      | Killed a bullfrog
  1982 | D:4      | Reached skill level 3 in Spellcasting
  1982 | D:4      | Reached skill level 2 in Conjurations
  1982 | D:4      | Reached XP level 5. HP: 7/28 MP: 7/9
  2090 | D:4      | Noticed Duvessa
  2090 | D:4      | Noticed Dowan
  2100 | D:4      | HP: 7/28 [Duvessa/+1 short sword of venom (6)]
  2102 | D:4      | HP: 3/28 [Duvessa/+1 short sword of venom (4)]
  2109 | D:4      | HP: 5/28 [Duvessa/+1 short sword of venom (9)]
  2234 | D:4      | Found a staircase to the Ecumenical Temple.
  2253 | D:4      | Reached skill level 3 in Conjurations
  2253 | D:4      | Reached skill level 6 in Earth Magic
  2280 | D:4      | Reached XP level 6. HP: 32/32 MP: 7/10
  2286 | Temple   | Entered the Ecumenical Temple
  2537 | Temple   | Became a worshipper of Vehumet
  2602 | D:4      | Noticed Grinder
  2631 | D:4      | Killed Grinder
  2632 | D:4      | Reached skill level 4 in Conjurations
  2632 | D:4      | Reached XP level 7. HP: 13/36 MP: 7/12
  2949 | D:4      | Found a runed translucent door.
  2950 | D:4      | Noticed Crazy Yiuf
  3000 | D:4      | Reached skill level 7 in Earth Magic
  3185 | D:4      | Killed Duvessa
  3235 | D:4      | Killed Dowan
  3546 | D:5      | Entered Level 5 of the Dungeon
  3565 | D:5      | Reached skill level 5 in Conjurations
  3584 | D:5      | Reached skill level 4 in Spellcasting
  3593 | D:5      | Reached XP level 8. HP: 41/41 MP: 5/14
  3712 | D:5      | Reached skill level 8 in Earth Magic
  3984 | D:5      | Reached skill level 6 in Conjurations
  4563 | D:6      | Reached * piety under Vehumet
  4563 | D:6      | Offered knowledge of Magic Dart by Vehumet.
  4573 | D:6      | You add the spells Ignite Poison, Sticky Flame and Ignition
                  | to your library.
  4653 | D:6      | Found a glowing drain.
  4685 | Sewer    | Entered a sewer
  4835 | Sewer    | Reached skill level 9 in Earth Magic
  4909 | Sewer    | You pick up a book of Air and begin reading...
  4909 | Sewer    | You add the spells Shock, Swiftness and Airstrike to your
                  | library.
  4932 | Sewer    | Learned a level 4 spell: Petrify
  5003 | D:6      | Reached skill level 7 in Conjurations
  5045 | D:6      | Noticed Edmund
  5217 | D:6      | Reached skill level 5 in Spellcasting
  5217 | D:6      | Reached XP level 9. HP: 34/45 MP: 4/16
  5297 | D:6      | Offered knowledge of Foxfire by Vehumet.
  5412 | D:6      | Reached ** piety under Vehumet
  5719 | D:6      | Reached skill level 10 in Earth Magic
  6255 | D:7      | Noticed Pikel
  6366 | D:7      | Reached skill level 8 in Conjurations
  6558 | D:7      | Noticed Prince Ribbit
  6563 | D:7      | Killed Prince Ribbit
  6828 | D:7      | Offered knowledge of Momentum Strike by Vehumet.
  7127 | D:7      | Reached skill level 11 in Earth Magic
  7169 | D:7      | Killed Pikel
  7169 | D:7      | Reached *** piety under Vehumet
  7170 | D:7      | Reached skill level 6 in Spellcasting
  7170 | D:7      | Reached skill level 9 in Conjurations
  7170 | D:7      | Reached XP level 10. HP: 50/50 MP: 11/19
  7860 | D:8      | Found a glowing golden altar of the Shining One.
  7937 | D:8      | Paralysed by a floating eye for 4 turns
  8144 | D:8      | Noticed an oklob plant
  8148 | D:8      | Noticed an oklob plant
  8152 | D:8      | Killed an oklob plant
  8153 | D:8      | Reached skill level 10 in Conjurations
  8153 | D:8      | Reached skill level 12 in Earth Magic
  8306 | D:8      | Killed an oklob plant
  8429 | D:8      | You pick up a book of Armaments and begin reading...
  8429 | D:8      | You add the spells Animate Armour and Lehudib's Crystal
                  | Spear to your library.
  8561 | D:8      | Learned a level 8 spell: Lehudib's Crystal Spear
  8574 | D:8      | Offered knowledge of Fulminant Prism by Vehumet.
  8948 | D:8      | Reached skill level 7 in Spellcasting
  8952 | D:8      | Reached skill level 11 in Conjurations
  8954 | D:8      | Reached skill level 13 in Earth Magic
  8954 | D:8      | Reached XP level 11. HP: 32/54 MP: 6/21
  8968 | D:8      | HP: 9/54 [yak (9)]
  8978 | D:8      | HP: 10/54 [yak (9)]
  9347 | D:9      | Reached **** piety under Vehumet
  9350 | D:9      | Offered knowledge of Flame Wave by Vehumet.
  9723 | D:9      | HP: 12/54 [wyvern (10)]
 10191 | D:9      | Noticed a green ugly thing
 10239 | D:9      | Noticed a cyclops
 10246 | D:9      | Killed a cyclops
 10521 | D:10     | Entered Level 10 of the Dungeon
 10698 | D:10     | Found a portal to a secret trove of treasure.
 10750 | D:10     | Noticed Erolcha
 10788 | D:10     | This trove needs 6 scrolls of fear to function. Give it the
                  | items?
 10856 | D:10     | Reached skill level 12 in Conjurations
 10896 | D:10     | Noticed a two-headed ogre
 10899 | D:10     | Killed a two-headed ogre
 10900 | D:10     | Reached skill level 14 in Earth Magic
 11012 | D:10     | Noticed a two-headed ogre
 11016 | D:10     | Killed a two-headed ogre
 11170 | D:10     | Noticed a two-headed ogre
 11179 | D:10     | Killed a two-headed ogre
 11355 | D:10     | Reached skill level 8 in Spellcasting
 11568 | D:10     | Reached XP level 12. HP: 43/59 MP: 5/24
 11597 | D:10     | Reached skill level 13 in Conjurations
 11736 | D:11     | Noticed Erica
 11758 | D:10     | Killed Erolcha
 11758 | D:10     | Reached ***** piety under Vehumet
 11759 | D:10     | Reached skill level 15 in Earth Magic
 11852 | D:10     | You add the spells Arcjolt and Freezing Cloud to your
                  | library.
 11852 | D:10     | Got Dinozin's Atlas of Damage
 11965 | D:9      | Found a burning altar of Makhleb.
 11965 | D:9      | Found a shimmering altar of Xom.
 11968 | D:9      | Found a glowing silver altar of Zin.
 12109 | D:11     | Found a staircase to the Lair.
 12264 | D:11     | Offered knowledge of Fireball by Vehumet.
 12581 | D:11     | Killed Erica
 12827 | D:11     | Noticed Urug
 13061 | D:11     | Slain by an orc knight

Vanquished Creatures
  Erolcha (D:10)
  Erica (D:11)
  3 two-headed ogres (D:10)
  Pikel (D:7)
  2 oklob plants (D:8)
  2 cyclopes
  3 kobold demonologists
  A troll (D:11)
  Grinder (D:4)
  Prince Ribbit (D:7)
  A wraith (D:11)
  2 wyverns (D:9)
  32 yaks
  2 steam dragons (D:9)
  An acid dragon (D:11)
  4 water moccasins
  Duvessa (D:4)
  A floating eye (D:8)
  4 ice beasts
  A sky beast (D:8)
  4 orc warriors
  A black bear (D:5)
  3 centaurs
  An ogre (D:5)
  A lemure (D:7)
  A phantom (D:6)
  22 kobold brigands
  3 bullfrogs
  A necrophage (D:6)
  A scorpion (D:6)
  Dowan (D:4)
  11 killer bees
  5 howler monkeys
  5 hounds
  3 jellies
  13 orc priests
  4 gnoll boudas
  7 iguanas
  4 orc wizards
  11 gnolls
  4 adders
  2 white imps
  A worm (D:4)
  25 orcs
  A bat (D:2)
  4 endoplasms
  6 giant cockroaches
  4 goblins
  8 hobgoblins
  6 jackals
  36 kobolds
  6 quokkas
  6 ball pythons
  4 frilled lizards
  5 rats
285 creatures vanquished.

Vanquished Creatures (others)
  9 plants (D:8)
9 creatures vanquished.

Grand Total: 294 creatures vanquished

Table legend:
 A = Non-vault XP
 B = Vault XP
 C = Vault XP percentage of total XP
 D = Non-vault monster count
 E = Vault monster count
 F = Vault count percentage of total count
                 A         B        C        D         E       F
            +---------+---------+-------+---------+---------+-------
      Total |   17039 |    7843 |  31.5 |     222 |      62 |  21.8
            +---------+---------+-------+---------+---------+-------
        D:1 |      14 |       0 |   0.0 |      10 |       0 |   0.0
        D:2 |      18 |       0 |   0.0 |      11 |       0 |   0.0
        D:3 |      33 |       3 |   8.3 |      12 |       1 |   7.7
        D:4 |     346 |     543 |  61.1 |      23 |       5 |  17.9
        D:5 |     752 |       3 |   0.4 |      17 |       1 |   5.6
        D:6 |    1208 |      14 |   1.1 |      28 |       7 |  20.0
        D:7 |    1313 |     910 |  40.9 |      38 |       2 |   5.0
        D:8 |    3342 |    1275 |  27.6 |      33 |       3 |   8.3
        D:9 |    1375 |     992 |  41.9 |      14 |       8 |  36.4
       D:10 |    5192 |    2786 |  34.9 |      22 |      22 |  50.0
       D:11 |    3446 |    1160 |  25.2 |      14 |       9 |  39.1
      Sewer |       0 |     157 | 100.0 |       0 |       4 | 100.0
            +---------+---------+-------+---------+---------+-------

Illustrated notes

Table legend:
 A = Kills in this place as a percentage of kills in entire the game.
 B = Kills by you in this place as a percentage of kills by you in the entire game.
 C = Kills by friends in this place as a percentage of kills by friends in the entire game.
 D = Other kills in this place as a percentage of other kills in the entire game.
 E = Experience gained in this place as a percentage of experience gained in the entire game.
 F = Experience gained in this place divided by the number of levels of this place that you have seen.
                   A       B       C       D       E      F
               +-------+-------+-------+-------+-------+----------------------
         Total | 100.0 | 100.0 |   N/A |   N/A | 100.0 | 1914.0
       Dungeon |  98.6 |  98.6 |   N/A |   N/A |  99.4 | 2247.7
         Sewer |   1.4 |   1.4 |   N/A |   N/A |   0.6 | 157.0
               +-------+-------+-------+-------+-------+----------------------

Table legend: (Time is in decaauts)
 A = Elapsed time spent in this place.
 B = Non-inter-level travel time spent in this place.
 C = Inter-level travel time spent in this place.
 D = Time resting spent in this place.
 E = Time spent auto-exploring this place.
 F = Levels seen in this place.
 G = Mean time per level.
                   A        B        C        D        E       F      G
               +--------+--------+--------+--------+--------+-----+--------+
         Total |  13333 |  12709 |    624 |   1504 |   9175 |  13 | 1025.6 |
       Dungeon |  12787 |  12203 |    584 |   1456 |   8796 |  11 | 1162.5 |
        Temple |    265 |    225 |     40 |      0 |    208 |   1 |  265.0 |
         Sewer |    280 |    280 |      0 |     48 |    171 |   1 |  280.0 |
               +--------+--------+--------+--------+--------+-----+--------+

Top non-repeatable levels by time:
    D:10: 1600 daAuts
     D:7: 1595 daAuts
     D:6: 1482 daAuts
     D:8: 1477 daAuts
     D:4: 1365 daAuts
     D:9: 1290 daAuts
     D:5: 1020 daAuts
    D:11: 988 daAuts
     D:3: 795 daAuts
     D:2: 622 daAuts
     D:1: 547 daAuts
   Sewer: 280 daAuts
  Temple: 265 daAuts
